 Dungeon Crawl Stone Soup version 0.28.0-53-g5a82cb258f (webtiles) character file.

Game seed: 9998431138233260273

165641 pkoi the Black Belt (level 16, -19/158 HPs)
             Began as a Demigod Gladiator on May 25, 2022.
             Demolished by Donald
             ... wielding a +2 vampiric demon trident
              (34 damage)
             ... on level 4 of the Spider Nest on May 26, 2022.
             The game lasted 02:18:21 (76133 turns).

pkoi the Black Belt (Demigod Gladiator)            Turns: 76133, Time: 02:18:22

Health: -19/158    AC: 15    Str: 11 (15) XL:     16   Next: 73%
Magic:  24/29      EV: 13    Int: 29 (30) God:
Gold:   1039       SH:  5    Dex: 14 (15) Spells: 6/27 levels left

rFire   x . .      SeeInvis .     - Unarmed
rCold   + + +      Faith    .   (shield currently unavailable)
rNeg    . . .      Spirit   .   (armour currently unavailable)
rPois   +          Reflect  +   (helmet currently unavailable)
rElec   .          Harm     .   (cloak currently unavailable)
rCorr   .          Rampage  .   (gloves currently unavailable)
Will    ++...                   (boots currently unavailable)
Stlth   ++........              j - amulet of reflection
HPRegen 0.36/turn               C - ring of willpower
MPRegen 0.21/turn               r - +4 ring of protection

@: ice-form, studying Poison Magic
A: freezing attack, amphibious, boosted hp, large, high MP 1, forlorn, divine
attributes
a: End Transformation


You were on level 4 of the Spider Nest.
You were a creature of crystalline ice.
You visited 6 branches of the dungeon, and saw 31 of its levels.

You collected 3351 gold pieces.
You spent 2312 gold pieces at shops.

Inventory:

Hand Weapons
 K - the +8 whip "Snakebite" {venom, curare, rPois}
   (You bought it in a shop on level 2 of the Orcish Mines)

   It poisons the flesh of those it strikes.
   It occasionally inflicts asphyxiating poison on those it strikes, dealing
   poison damage and causing slowness.
   rPois:     It protects you from poison.
Missiles
 c - 2 throwing nets
 d - 7 curare-tipped darts
 B - 21 poisoned darts (quivered)
Armour
 a - the +2 pair of gloves of the Evening (melded) {rF+ rN+}
   (You acquired it on level 6 of the Lair of Beasts)

   rF:        It protects you from fire.
   rN:        It protects you from negative energy.
 f - a +1 troll leather armour (melded) {Snorg}
 m - the +0 helmet of the Wild Haggis (melded) {rPois rCorr Str+4}
   (You bought it in a shop on level 1 of the Orcish Mines)

   Str:       It affects your strength (+4).
   rPois:     It protects you from poison.
   rCorr:     It protects you from acid and corrosion.
 E - a +0 pair of boots (melded)
 R - a +0 cloak (melded)
Jewellery
 j - an amulet of reflection (around neck)
 r - a +4 ring of protection (right front paw)
 v - a ring of see invisible
 C - a ring of willpower (left front paw)
Wands
 q - a wand of digging (2)
 s - a wand of acid (6)
 G - a wand of flame (41)
 H - a wand of mindburst (17)
 S - a wand of polymorph (8)
Scrolls
 b - 2 scrolls of immolation
 o - 3 scrolls of blinking
 u - a scroll of summoning
 w - a scroll of silence
 y - 2 scrolls of teleportation
 L - 4 scrolls of amnesia
 M - 3 scrolls of holy word
 N - 5 scrolls of identify
 P - 4 scrolls of enchant weapon
 V - 2 scrolls of magic mapping
Potions
 e - 13 potions of curing
 g - 2 potions of might
 l - 4 potions of brilliance
 p - 3 potions of haste
 t - a potion of ambrosia
 z - 5 potions of heal wounds
 A - 3 potions of cancellation
 D - a potion of magic
 I - 5 potions of flight
 J - 4 potions of berserk rage
 T - a potion of resistance
 U - a potion of lignification
Miscellaneous
 x - a phantom mirror


   Skills:
 - Level 9.0 Fighting
 - Level 1.7 Throwing
 - Level 6.0 Armour
 - Level 9.0 Dodging
 - Level 3.0 Stealth
 - Level 17.1 Unarmed Combat
 - Level 6.0 Spellcasting
 - Level 6.0 Conjurations
 + Level 8.0 Summonings
 + Level 7.1 Translocations
 - Level 9.4 Transmutations
 - Level 3.0 Fire Magic
 - Level 6.0 Ice Magic
 + Level 9.7 Poison Magic
 - Level 6.0 Evocations


You had 6 spell levels left.
You knew the following spells:

 Your Spells              Type           Power      Damage    Failure   Level
a - Ice Form              Ice/Tmut       52%        N/A       2%          4
b - Summon Ice Beast      Ice/Summ       49%        N/A       3%          4
c - Irradiate             Conj/Tmut      26%        3d22      7%          5
d - Summon Forest         Summ/Tloc      25%        N/A       7%          5
e - Ignite Poison         Fire/Tmut/Pois 51%        N/A       1%          3

Your spell library contained the following spells:

 Spells                   Type           Power      Damage    Failure   Level
 Apportation              Tloc           100%       N/A       1%          1
 Magic Dart               Conj           100%       1d8       1%          1
 Call Imp                 Summ           53%        N/A       1%          2
 Passwall                 Tmut/Erth      30%        N/A       1%          2
 Searing Ray              Conj           86%        2d7       1%          2
 Wereblood                Tmut           59%        N/A       1%          2
 Frozen Ramparts          Ice            86%        1d10      1%          3
 Gell's Gravitas          Tloc           50%        N/A       1%          3
 Mephitic Cloud           Conj/Pois/Air  39%        N/A       1%          3
 Static Discharge         Conj/Air       26%        N/A       2%          2
 Conjure Flame            Conj/Fire      34%        6-21      2%          3
 Iskenderun's Mystic Bla  Conj/Tloc      46%        2d10      3%          4
 Portal Projectile        Hex/Tloc       58%        N/A       4%          3
 Stone Arrow              Conj/Erth      52%        3d10      4%          3
 Hailstorm                Conj/Ice       43%        3d10      4%          4
 Animate Skeleton         Necr           16%        N/A       5%          1
 Pain                     Necr           32%        1d5       5%          1
 Sandblast                Erth           16%        2d6       5%          1
 Sublimation of Blood     Necr           8%         N/A       9%          2
 Petrify                  Tmut/Erth      36%        N/A       9%          4
 Sticky Flame             Conj/Fire      34%        2d5       9%          4
 Fulminant Prism          Conj/Hex       13%        3d9       16%         4
 Vampiric Draining        Necr           8%         2d6       17%         3
 Eringya's Noxious Bog    Tmut/Pois      29%        N/A       17%         6
 Summon Mana Viper        Hex/Summ       31%        N/A       30%         5
 Summon Cactus Giant      Summ           26%        N/A       32%         6
 Dispel Undead            Necr           8%         3d8       50%         4
 Lee's Rapid Deconstruct  Erth           4%         3d6*      83%         5
 Simulacrum               Ice/Necr       13%        N/A       94%         6
 Summon Hydra             Summ           26%        N/A       87%         7


Dungeon Overview and Level Annotations

Branches:
Dungeon (15/15)            Temple (1/1) D:7            Lair (6/6) D:11
  Swamp (3/4) Lair:2       Spider (4/4) Lair:3        Slime (0/5) Lair:5
    Orc (2/2) D:11            Elf (0/3) Orc:2        Vaults (0/5) D:13
 Depths (0/4) D:15

Shops:
Orc:1 [   Orc:2 **??([

Annotations:
D:14 Frances
Spider:4 Donald


Innate Abilities, Weirdness & Mutations

You are a creature of crystalline ice.
You have a powerful freezing melee attack.
You are amphibious.
Your maximum health is increased.
Your armour is entirely melded.
You are incapable of wielding weapons or throwing items.
You have an increased reservoir of magic. (+10% MP)
You shall have no god before yourself.
Your divine heritage dramatically boosts your attributes as you level up.


Message History

Donald is nearby!
Press: ? - help, v - describe, . - travel
Here: Donald, wielding a +2 vampiric demon trident, wearing a +2 plate armour of poison resistance and wearing a +2 kite shield (strong)
The floor.
Donald says, "Maybe I'll visit Hell next."
Donald mumbles some strange words.
Donald seems to speed up.
You hit Donald. You freeze Donald.
Donald is lightly wounded.
Donald hits you with a +2 vampiric demon trident!!
* * * LOW HITPOINT WARNING * * *
Donald draws strength from your wounds!
You pummel Donald!! You freeze Donald.
Donald is moderately wounded.
Donald blocks your ice beast's attack. You block Donald's attack.
You pummel Donald!! You freeze Donald!
Donald is severely wounded.
Donald says, "I hope I haven't come all this way for a glorified paperweight."
Donald hits you with a +2 vampiric demon trident!!
* * * LOW HITPOINT WARNING * * *
Donald draws strength from your wounds! Donald blocks your ice beast's attack.
Unknown command.
You hit Donald but do no damage.
Donald is heavily wounded.
Donald drinks a potion.
Donald flickers and vanishes!
Deactivating autopickup; reactivate with Ctrl-A.
Unknown command.
You pummel something!! You freeze something. You block something's attack.
Unknown command.
Something blocks your attack. Something hits you!!
* * * LOW HITPOINT WARNING * * *
Unknown command.
Something blocks your attack. Something hits you!
* * * LOW HITPOINT WARNING * * *
Unknown command.
Something blocks your attack. Something hits you!!
* * * LOW HITPOINT WARNING * * *
Unknown command.
Something hits you!!
You die...

##...#.#.###### s ..
#......#.#...#.##. . #.^
#######..........#.. .#..#
#..#.......##......[ .#@#
###..<..####...###.s##...
##^....#.......#.^...#..#
#.#..#####...#.# #.#.#..
#...###..##..#######..#..#
####..#.##....YY.#...#.##..#
#..[...#.....#..{#..s......#
.##.[#..#..#..####.##.#...#.# #
......#^.#^^#...##..#....#...###.
##..#...)#.##.#....###...#..##w^.
...^#.^##.##...#...#..†#.#.##s...
#.########...###..###..#...#....#
## #^..#.<..#.....##.# #^.#
####...#.##.....#^###..#


You could see a friendly ice beast (summoned).

Vanquished Creatures
  Jorgrun (Swamp:3)
  Kirke (Lair:5)
  Agnes (D:14)
  A fenstrider witch (Swamp:1)
  4 emperor scorpions
  3 ghost moths
  2 broodmothers
  5 ghouls
  4 eleionomae
  A bunyip (Swamp:2)
  An entropy weaver (Spider:3)
  A shambling mangrove (Swamp:3)
  A fire dragon (Lair:5)
  A jorogumo (Spider:2)
  3 boulder beetles
  10 hydras
  8 vault guards
  7 alligators
  4 catoblepae
  6 centaur warriors
  7 two-headed ogres
  6 death yaks
  Nergalle (Lair:3)
  3 skeletal warriors
  4 orb spiders
  2 pharaoh ants
  A goliath frog (Swamp:1)
  A sun moth (Spider:1)
  2 spriggan druids (Swamp:2)
  3 steelbarb worms
  A bog body (Swamp:1)
  2 lindwurms
  2 orc knights (Orc:2)
  3 manticores
  An orc sorcerer (Orc:2)
  4 deep elf pyromancers
  3 deep elf zephyrmancers (Orc:2)
  18 wolf spiders
  5 ugly things
  A manticore (shapeshifter) (D:9)
  3 will-o-the-wisps (Swamp:1)
  A moth of wrath (Spider:3)
  5 elephants (Lair:1)
  3 black mambas
  Maurice (Orc:1)
  A gargoyle (D:12)
  Joseph (D:9)
  4 torpor snails
  16 cane toads
  12 komodo dragons
  11 rime drakes
  A tengu conjurer (D:12)
  5 demonic crawlers
  A freezing wraith (D:15)
  7 trolls
  A polar bear (Lair:4)
  Grinder (D:4)
  7 hornets
  10 meliai
  5 slime creatures
  15 tarantellas
  10 tyrant leeches
  Prince Ribbit (D:9)
  20 blink frogs
  12 jumping spiders
  A meliai zombie (D:11)
  6 spriggans
  A shadow (D:9)
  11 culicivoras
  5 wyverns
  A wraith (D:12)
  76 yaks
  Eustachio (D:4)
  2 basilisks
  2 nameless horrors
  35 redbacks
  11 steam dragons
  7 vampire mosquitoes
  3 wargs (Orc:1)
  14 swamp worms
  14 water moccasins
  37 orc warriors
  3 swamp drakes
  An ice beast (D:7)
  5 necrophages
  14 wolves
  10 ogres
  14 centaurs
  A kobold brigand (D:7)
  12 bullfrogs
  2 gnoll sergeants
  31 scorpions
  3 water moccasin zombies
  A wyvern zombie (D:8)
  A wyvern skeleton (D:7)
  10 wights
  13 killer bees
  3 electric eels
  6 howler monkeys
  2 bullfrog zombies (D:7)
  2 centaur zombies
  2 gnoll shamans (D:7)
  16 orc priests
  2 centaur skeletons (D:5)
  3 hounds
  A bullfrog skeleton (D:3)
  8 iguanas
  26 orc wizards
  A scorpion zombie (D:5)
  A killer bee zombie (D:7)
  2 hound skeletons (D:4)
  11 gnolls
  A howler monkey skeleton (D:6)
  5 adders
  A shadow imp (D:6)
  A white imp (D:4)
  An ufetubus (D:6)
  7 worms
  3 dart slugs
  76 orcs
  8 ball pythons
  7 endoplasms
  3 giant cockroaches (D:2)
  8 hobgoblins
  3 jackals (D:4)
  2 quokkas
  9 bats
  8 frilled lizards
  12 goblins
  11 kobolds
  4 rats
893 creatures vanquished.

Vanquished Creatures (collateral kills)
  A broodmother (Spider:1)
  2 bunyips (Swamp:3)
  Snorg (Lair:5)
  2 boulder beetles
  An alligator (Swamp:3)
  A catoblepas (Lair:6)
  A sun moth (Spider:3)
  A goliath frog (Swamp:3)
  2 deep elf pyromancers (Orc:2)
  A bog body (Swamp:1)
  A deep elf zephyrmancer (Orc:2)
  3 ugly things
  3 wolf spiders
  A black mamba (Lair:5)
  A rime drake (Lair:6)
  A komodo dragon (Lair:6)
  2 tarantellas
  2 slime creatures (D:13)
  3 jumping spiders
  3 yaks
  A nameless horror (D:11)
  2 steam dragons (Lair:5)
  5 redbacks
  A swamp worm (Swamp:2)
  Duvessa (D:4)
  A water moccasin (Lair:6)
  A swamp drake (Swamp:2)
  A centaur (D:14)
  2 scorpions (Spider:2)
  Dowan (D:4)
  An orc priest (Orc:1)
  7 orcs
57 creatures vanquished.

Vanquished Creatures (others)
  A rime drake (Lair:5)
  A bloated husk (Swamp:2)
  2 humans (Lair:5)
  2 orc wizards
  2 orcs (Orc:2)
  8 bushes
  18 foxfires
  53 fungi
  119 plants
  2 snaplasher vines (Spider:3)
208 creatures vanquished.

Grand Total: 1158 creatures vanquished

Notes
Turn   | Place    | Note
-------+----------+-------------------------------------------
     0 | D:1      | pkoi the Demigod Gladiator began the quest for the Orb.
     0 | D:1      | Reached XP level 1. HP: 17/17 MP: 3/3
    97 | D:1      | Reached skill level 3 in Unarmed Combat
   421 | D:1      | Reached XP level 2. HP: 22/24 MP: 4/4
  1371 | D:2      | Reached XP level 3. HP: 20/29 MP: 5/5
  1487 | D:2      | Reached skill level 4 in Unarmed Combat
  1848 | D:2      | Reached XP level 4. HP: 36/36 MP: 6/6
  2202 | D:3      | Reached skill level 5 in Unarmed Combat
  2570 | D:3      | Reached XP level 5. HP: 41/41 MP: 7/7
  2895 | D:3      | Noticed a water moccasin
  2903 | D:3      | Killed a water moccasin
  2904 | D:3      | Reached skill level 1 in Armour
  3713 | D:4      | Found a large runed translucent door.
  3713 | D:4      | Found a large runed translucent door.
  3717 | D:4      | Noticed an orc warrior
  3726 | D:4      | Found a large runed translucent door.
  3726 | D:4      | Found a large runed translucent door.
  3737 | D:4      | Noticed Duvessa
  3747 | D:4      | Noticed Dowan
  4121 | D:4      | Killed Duvessa
  4122 | D:4      | Reached skill level 6 in Unarmed Combat
  4122 | D:4      | Reached XP level 6. HP: 37/48 MP: 8/8
  4136 | D:4      | Killed Dowan
  4557 | D:4      | Noticed Grinder
  4777 | D:4      | Noticed Eustachio
  4794 | D:4      | Killed Eustachio
  4840 | D:5      | Entered Level 5 of the Dungeon
  4853 | D:5      | Reached XP level 7. HP: 55/55 MP: 9/9
  5260 | D:5      | Identified the +7 trident "Inais" {vorpal, Int+2}
  5530 | D:5      | Reached skill level 7 in Unarmed Combat
  6248 | D:5      | Reached skill level 8 in Unarmed Combat
  6540 | D:6      | Reached XP level 8. HP: 26/61 MP: 10/10
  6867 | D:6      | Reached skill level 5 in Dodging
  7896 | D:7      | Noticed a two-headed ogre
  8546 | D:7      | Noticed a four-headed hydra
  8712 | D:4      | Killed Grinder
  8713 | D:4      | Reached skill level 9 in Unarmed Combat
  9489 | D:4      | Learned a level 4 spell: Ice Form
  9800 | D:6      | Killed a two-headed ogre
  9801 | D:6      | Reached skill level 1 in Spellcasting
  9801 | D:6      | Reached skill level 1 in Transmutations
  9801 | D:6      | Reached skill level 1 in Ice Magic
  9801 | D:6      | Reached skill level 1 in Evocations
  9801 | D:6      | Reached XP level 9. HP: 42/67 MP: 13/13
 10069 | D:7      | Reached skill level 10 in Unarmed Combat
 12794 | D:8      | Reached XP level 10. HP: 51/73 MP: 17/17
 13677 | D:8      | Reached skill level 11 in Unarmed Combat
 15189 | D:9      | Noticed Prince Ribbit
 15962 | D:9      | Noticed Joseph
 16119 | D:10     | Entered Level 10 of the Dungeon
 16218 | D:9      | Killed Prince Ribbit
 16762 | D:9      | Killed Joseph
 17144 | D:9      | Noticed a manticore
 17144 | D:9      | a culicivora changed into a manticore
 17148 | D:9      | Killed a manticore
 17604 | D:10     | Learned a level 4 spell: Summon Ice Beast
 17648 | D:10     | Noticed a two-headed ogre
 17686 | D:10     | HP: 3/73 [two-headed ogre/+0 giant spiked club (22)]
 17690 | D:10     | Killed a two-headed ogre
 18160 | D:10     | Noticed a four-headed hydra
 18700 | D:7      | Killed a four-headed hydra
 19106 | D:7      | Found a staircase to the Ecumenical Temple.
 19112 | Temple   | Entered the Ecumenical Temple
 19837 | D:10     | Killed a four-headed hydra
 19838 | D:10     | Reached skill level 12 in Unarmed Combat
 19838 | D:10     | Reached XP level 11. HP: 58/79 MP: 15/19
 20098 | D:11     | Reached skill level 5 in Transmutations
 20101 | D:11     | Reached skill level 5 in Ice Magic
 20383 | D:11     | Learned a level 5 spell: Irradiate
 20477 | D:11     | Noticed a two-headed ogre
 20776 | D:11     | Got the Handbook of Quantum Toxins
 20778 | D:11     | Noticed a two-headed ogre
 20786 | D:11     | Killed a two-headed ogre
 20787 | D:11     | Reached skill level 5 in Armour
 20787 | D:11     | Reached skill level 1 in Conjurations
 21130 | D:11     | Identified the +0 leather armour "Peisk" {rPois Str+7
                  | Dex-2}
 21274 | D:11     | Found a staircase to the Lair.
 21407 | D:11     | Killed a two-headed ogre
 21813 | D:11     | Found a staircase to the Orcish Mines.
 22311 | Lair:1   | Entered Level 1 of the Lair of Beasts
 22704 | Lair:1   | Reached skill level 13 in Unarmed Combat
 22976 | Lair:1   | Reached XP level 12. HP: 85/85 MP: 15/20
 24095 | Lair:2   | Found a staircase to the Swamp.
 24689 | Lair:2   | Reached skill level 5 in Evocations
 27598 | Lair:2   | Found a staircase to the Swamp.
 28656 | Lair:3   | Noticed Nergalle
 28863 | Lair:3   | Found a hole to the Spider Nest.
 28871 | Lair:3   | Killed Nergalle
 30588 | Lair:4   | Reached skill level 5 in Conjurations
 30857 | Lair:4   | Reached XP level 13. HP: 96/96 MP: 19/23
 31108 | Lair:5   | Found a staircase to the Slime Pits.
 31283 | Lair:5   | Reached skill level 14 in Unarmed Combat
 31638 | Lair:5   | Noticed Kirke
 31727 | Lair:5   | Killed Kirke
 32019 | Lair:5   | Noticed Snorg
 32655 | Lair:4   | Reached skill level 5 in Spellcasting
 32862 | Lair:5   | Killed Snorg
 32863 | Lair:5   | Reached skill level 1 in Stealth
 33197 | Lair:5   | Reached skill level 5 in Fighting
 34645 | Lair:6   | Entered Level 6 of the Lair of Beasts
 35570 | Lair:5   | Reached skill level 1 in Summonings
 37456 | Lair:6   | Learned a level 5 spell: Summon Forest
 37826 | Lair:6   | Reached XP level 14. HP: 110/110 MP: 20/27
 38388 | Lair:6   | Reached skill level 1 in Translocations
 39278 | Lair:6   | Identified a scroll of acquirement
 39278 | Lair:6   | Acquired the +2 pair of gloves of the Evening {rF+ rN+}
 41105 | D:13     | Reached skill level 15 in Unarmed Combat
 41157 | D:13     | You fall into a shaft and drop 2 floors!
 41157 | D:15     | Entered Level 15 of the Dungeon
 41272 | D:14     | Noticed Agnes
 42123 | D:13     | Identified the +2 long sword of Experimentation {holy,
                  | Will+ MP+9 Str+3 Int-4}
 42684 | Orc:1    | Entered Level 1 of the Orcish Mines
 42850 | Swamp:1  | Entered Level 1 of the Swamp
 43115 | Swamp:1  | Noticed a ghoul
 43128 | Swamp:1  | Killed a ghoul
 43231 | Swamp:1  | Reached skill level 5 in Summonings
 43267 | Swamp:1  | Noticed a ghoul
 43267 | Swamp:1  | Noticed a ghoul
 43290 | Lair:2   | Killed a ghoul
 43489 | Swamp:1  | Killed a ghoul
 43866 | Swamp:1  | Noticed a ghoul
 43869 | Swamp:1  | Noticed a ghoul
 44088 | Spider:1 | Entered Level 1 of the Spider Nest
 47461 | Orc:2    | Entered Level 2 of the Orcish Mines
 47902 | Orc:1    | Noticed Maurice
 47921 | Orc:1    | Killed Maurice
 48172 | Orc:1    | You fall into a shaft and drop 1 floor!
 48757 | Orc:2    | Reached XP level 15. HP: 121/121 MP: 20/28
 48988 | Orc:1    | Found Xemodus's Antique Armour Shop.
 48993 | Orc:1    | Bought a masterwork helmet for 275 gold pieces
 48993 | Orc:1    | Identified the +0 helmet of the Wild Haggis {rPois rCorr
                  | Str+4} (You bought it in a shop on level 1 of the Orcish
                  | Mines)
 49366 | Orc:2    | Reached skill level 5 in Translocations
 49407 | Orc:2    | Found a staircase to the Elven Halls.
 49415 | Orc:2    | Found Luuneow's General Store.
 50239 | Orc:2    | Noticed Saint Roka
 51781 | Orc:2    | Found Helev's Magic Scroll Shop.
 51796 | Orc:2    | Bought a scroll of immolation for 56 gold pieces
 52258 | Orc:2    | Found Taus's Specific Store.
 52366 | Orc:2    | Found Yriuj's Antique Armour Boutique.
 52370 | Orc:2    | Found Irghasodi's Antique Weapon Shop.
 52382 | Orc:2    | Bought a faintly humming ring mail for 243 gold pieces
 52382 | Orc:2    | Identified the +2 ring mail of Divine Compulsion {+Inv rF++
                  | Dex+3} (You bought it in a shop on level 2 of the Orcish
                  | Mines)
 52405 | Orc:2    | Found Zaudd's Magic Scroll Emporium.
 52413 | Orc:2    | Bought a scroll of noise for 15 gold pieces
 52413 | Orc:2    | Bought a scroll of teleportation for 45 gold pieces
 52413 | Orc:2    | Bought a scroll of magic mapping for 52 gold pieces
 52542 | Orc:2    | Noticed Saint Roka
 52542 | Orc:2    | Saint Roka changed into Saint Roka the catoblepas
 52552 | Orc:2    | Killed Saint Roka the catoblepas
 53264 | D:13     | Found a gate to the Vaults.
 54072 | D:14     | Noticed Frances
 54778 | D:14     | Killed Agnes
 57831 | Swamp:1  | Reached skill level 16 in Unarmed Combat
 57831 | Swamp:1  | Reached skill level 1 in Poison Magic
 59349 | Swamp:2  | Noticed a fenstrider witch
 59439 | Swamp:1  | Killed a fenstrider witch
 61659 | Swamp:2  | HP: 3/148 [tyrant leech[a spriggan druid] (41)]
 62419 | Swamp:3  | Noticed Jorgrun
 62437 | Swamp:3  | HP: 4/148 [Jorgrun/iron shot (22)]
 63591 | Swamp:2  | Learned a level 3 spell: Ignite Poison
 63817 | Orc:2    | Bought the +8 whip "Snakebite" {venom, curare, rPois} for
                  | 1626 gold pieces
 63817 | Orc:2    | Found the +8 whip "Snakebite" {venom, curare, rPois}
 64062 | Swamp:3  | Killed Jorgrun
 64147 | Swamp:3  | Reached skill level 1 in Fire Magic
 65111 | Spider:1 | Reached XP level 16. HP: 108/130 MP: 21/29
 65600 | Spider:1 | Reached skill level 5 in Poison Magic
 70019 | Spider:2 | Reached skill level 17 in Unarmed Combat
 75032 | Spider:4 | Entered Level 4 of the Spider Nest
 76105 | Spider:4 | Noticed Donald
 76133 | Spider:4 | Demolished by Donald

Illustrated notes

Levels and vault maps discovered:
D:1:      noname_arrival_rooms_in_the_neighbourhood, layout_basic,
          dreamdust_ecumenical_altar_angels_and_demons
D:2:      layout_rooms, minmay_fractal_squares_5
D:3:      layout_loops_ring
D:4:      layout_loops_ring, minmay_hollow_rounded_squares, uniq_grinder,
          uniq_eustachio, uniq_duvessa
D:5:      layout_basic
D:6:      layout_loops_corners, mainiacjoe_overflow_catwalk
D:7:      layout_loops_ring, fedhas_altar_decomposition,
          minmay_temple_entry_fiery, minivault_26, nicolae_grassy_gnolls
D:8:      minmay_evil_eye, layout_loops_ring, lemuel_crystal_altar,
          nicolae_dithmenos_shadow_blocks
D:9:      layout_loops_ring, enter_bailey_3, kennysheep_small_spiral,
          grunt_decor_junction, uniq_joseph, uniq_prince_ribbit1
D:10:     nicolae_cairo_tiling_large_dashed, layout_irregular_city,
          mainiacjoe_overflow_concentric_impassable, nzn_wu_jian_contemplation
D:11:     argonaut_augean_stables, layout_basic, erik_lair_dragon, david_orc_4
D:12:     layout_loops_ring, nicolae_lava_and_water, chequers_jeans,
          amethyst_killhole
D:13:     layout_gridville, erik_vaults_2
D:14:     layout_layer_cave, nrook_mini_backslash, uniq_frances, uniq_agnes
D:15:     grunt_enter_depths_snipers, layout_stronghold, hex_tiny,
          minmay_statue_crystal_thing
Temple:   compressed_dpeg_circular_temple
Lair:1:   layout_regular_city, basic_altar, enter_volcano_4, grunt_megastairs_2
Lair:2:   layout_cave_pods, minmay_swamp_entry_worms, infiniplex_staircase_pool
Lair:3:   layout_long_grid, hellmonk_spider_entry_not_the_bees, uniq_nergalle
Lair:4:   layout_cave_pods, grunt_megastairs_3, serial_bayou_shore_b,
          serial_bayou_shore_b
Lair:5:   layout_cave_pods, slime_altar_1, bobbens_dragon_lair_wall,
          serial_bayou_shore_a, serial_bayou_shore_b, serial_bayou_shore_b,
          lemuel_fruit_tree, uniq_snorg, uniq_kirke
Lair:6:   evilmike_catoblepas_cave, layout_cave_pods, minmay_lair_drake_nest
Swamp:1:  layout_basic_swamp, nicolae_swamp_trees_clearing, swamp_pool1
Swamp:2:  layout_basic_swamp, hangedman_swamp_pad, swamp_pool5
Swamp:3:  layout_basic_swamp, evilmike_swamp_ruin_house_5, uniq_jorgrun
Spider:1: nicolae_spider_mines_3
Spider:2: spiders_nest_a
Spider:3: layout_chambers, hellmonk_spider_spawner
Spider:4: hellmonk_spider_rune_bug_friends, portal_ice_cave_entry_pillars_four,
          uniq_arachne, uniq_donald, uniq_asterion
Orc:1:    layout_caves, serial_shops, shop, uniq_maurice
Orc:2:    grunt_orc_community_town_hall, layout_caves,
          grunt_orc_community_big_house_1, grunt_orc_community_big_house_1,
          grunt_orc_community_house_1, grunt_orc_community_house_1,
          grunt_orc_community_house_1, grunt_orc_community_house_3,
          grunt_orc_community_house_2, grunt_orc_community_house_3,
          nicolae_specific_store, elves_outpost_lemuel

Skill      XL: |  1  2  3  4  5  6  7  8  9 10 11 12 13 14 15 16 |
---------------+-------------------------------------------------+-----
Unarmed Combat | 3 4 5 6 8 9 10 12 13 14 15 16 17 | 17.1
Fighting       | 2 4 6 7 9 |  9.0
Armour         | 1 2 4 5 6 |  6.0
Dodging        | 3 4 6 9 |  9.0
Spellcasting   | 1 2 3 4 6 |  6.0
Transmutations | 1 3 4 6 7 8 9 |  9.4
Ice Magic      | 1 3 4 6 |  6.0
Evocations     | 1 2 4 5 6 |  6.0
Conjurations   | 3 5 6 |  6.0
Stealth        | 3 |  3.0
Summonings     | 3 5 7 8 |  8.0
Translocations | 4 6 7 |  7.1
Poison Magic   | 4 9 |  9.7
Fire Magic     | 2 3 |  3.0
Throwing       | |  1.7

Action                   |  1- 3 |  4- 6 |  7- 9 | 10-12 | 13-15 | 16-18 || total
-------------------------+-------+-------+-------+-------+-------+-------++-------
Melee: Unarmed           |    90 |    12 |   221 |   742 |  1377 |   509 ||  2951
       Punch             |     4 |     6 |    22 |    21 |    27 |    35 ||   115
       Dagger            |    49 |   114 |     5 |     5 |       |       ||   173
       Trident           |       |       |   195 |       |       |       ||   195
       Whip              |       |       |       |       |     5 |    40 ||    45
Throw: Throwing net      |       |     3 |     2 |     1 |       |       ||     6
       Dart              |       |       |    14 |    11 |       |       ||    25
 Cast: Ice Form          |       |       |       |    51 |   154 |    33 ||   238
       Summon Ice Beast  |       |       |       |       |   131 |    37 ||   168
       Irradiate         |       |       |       |       |     1 |       ||     1
       Ignite Poison     |       |       |       |       |     2 |     6 ||     8
       Summon Forest     |       |       |       |       |       |     6 ||     6
 Abil: End Transformatio |       |       |       |       |       |     1 ||     1
Evoke: Wand              |       |       |     2 |     9 |    10 |       ||    21
  Use: Scroll            |     1 |     8 |     5 |     3 |    19 |     4 ||    40
       Potion            |       |     1 |       |     1 |     1 |     2 ||     5
 Stab: Held in net/web   |       |     2 |       |     1 |       |       ||     3
       Sleeping          |       |       |     2 |       |     3 |     1 ||     6
       Paralysed         |       |       |     4 |     8 |     2 |       ||    14
       Distracted        |       |       |       |       |     6 |     3 ||     9
Armor: Leather armour    |    15 |       |    89 |    88 |    10 |       ||   202
       Ring mail         |    25 |    46 |       |       |       |       ||    71
       Skin              |       |       |       |   147 |   379 |   148 ||   674
       Troll leather arm |       |       |       |       |   104 |   108 ||   212
Dodge: Dodged            |    84 |    52 |   280 |   445 |   714 |   413 ||  1988
Block: Other             |       |       |       |       |   208 |   134 ||   342
       Reflection        |       |       |       |       |    11 |       ||    11
